Map: New Gettysburg LE

Players

Nickos - Winner!

  • Race: Terran Terran
  • League: Gold

Widdershin

  • Race: Zerg Zerg
  • League: Gold

VOD

Have the link to the VOD?

Description

Time

  • Played on: Sept. 23, 2016, 8:22 p.m.
  • Length: 9:49
Show
View Real Time Build Order
Export as new Build Order

Nickos Terran - Winner!

Build Orders: MMM Bio 

Get SALT Encoding   

  12  0:01  SCV  
  13  0:13  SCV  
  14  0:19  Supply Depot  
  14  0:25  SCV  
  15  0:40  SCV  
  15  0:41  Barracks  
  16  0:52  SCV  
  17  1:05  SCV  
  18  1:17  Command Center  
  18  1:20  SCV  
  19  1:33  Orbital Command  
  19  1:34  Marine  
  20  1:45  Barracks  
  20  1:57  Marine  
  20  1:59  Supply Depot  
  21  2:07  Barracks  
  21  2:11  SCV  
  22  2:28  Marine, SCV  
  24  2:30  Bunker  
  24  2:33  Orbital Command  
  24  2:39  Refinery  
  24  2:42  Refinery  
  23  2:44  Marine  
  23  2:49  SCV  
  23  2:50  Marine  
  26  2:58  Marine  
  27  3:01  SCV  
  27  3:02  Marine  
  27  3:03  SCV  
  30  3:13  SCV  
  30  3:15  SCV  
  30  3:16  Marine  
  30  3:18  Barracks Tech Lab  
  33  3:22  Marine  
  33  3:25  SCV  
  35  3:27  SCV  
  36  3:39  SCV x2  
  36  3:41  Stimpack  
  38  3:50  Barracks Reactor  
  38  3:51  SCV  
  38  3:52  Barracks Reactor  
  39  3:58  SCV  
  40  4:03  SCV  
  40  4:04  Marauder  
  43  4:10  SCV  
  43  4:12  Supply Depot  
  43  4:15  SCV  
  44  4:22  SCV  
  45  4:25  Bunker  
  45  4:34  Marauder  
  43  4:54  Marine x4  
  45  5:10  SCV x2  
  47  5:15  Supply Depot  
  47  5:16  Marine x2  
  47  5:17  Marine x3, Factory  
  52  5:22  SCV x2  
  52  5:26  Engineering Bay  
  52  5:27  Engineering Bay  
  54  5:30  Supply Depot  
  54  5:31  Barracks  
  54  5:36  Marine x3  
  54  5:37  Marauder, SCV x2  
  54  5:38  Supply Depot  
  54  5:42  Marine  
  62  5:51  SCV x2  
  62  5:53  Supply Depot  
  62  5:54  Marine x2  
  62  5:55  Terran Infantry Weapons Level 1  
  62  5:56  Terran Infantry Armor Level 1  
  66  5:58  Combat Shields, Marauder  
  66  6:03  SCV  
  66  6:04  SCV  
  70  6:11  Marine  
  70  6:12  Marine  
  70  6:13  Factory Reactor  
  70  6:17  Starport  
  70  6:18  Command Center  
  72  6:20  Supply Depot x2, SCV  
  72  6:21  SCV  
  74  6:26  Barracks Tech Lab  
  74  6:28  Marine, Marauder  
  74  6:29  Marine x2  
  74  6:32  SCV, Marine  
  80  6:33  SCV  
  82  6:45  SCV  
  82  6:46  Marine x2, SCV  
  82  6:47  Marine x2  
  86  6:50  Liberator  
  87  6:56  Marine  
  88  7:01  Marauder  
  88  7:03  SCV x2  
  88  7:04  Marauder  
  88  7:05  Marine x2  
  88  7:06  Marine  
  100  7:13  Supply Depot  
  100  7:14  Supply Depot  
  101  7:15  SCV x2  
  102  7:29  Medivac, SCV, Marauder x2, Marine x4  
  113  7:35  Supply Depot  
  113  7:36  Supply Depot  
  113  7:41  Planetary Fortress  
  113  7:47  Marine x2  
  113  7:49  Refinery  
  113  7:50  Refinery  
  113  7:51  Marauder x2  
  118  7:55  Marine x2  
  120  8:12  Marauder x2  
  124  8:22  Marine  
  124  8:24  Marine x3  
  128  8:34  Marauder x2  
  132  8:36  Barracks x3  
  132  8:40  Marine  
  127  8:45  Marine x3  
  113  8:55  Marauder x2  
  110  8:57  Marine  
  110  9:01  Medivac x2  
  110  9:02  Marine  
  110  9:03  Marine x2  
  110  9:04  SCV  
  110  9:05  SCV  
  115  9:11  Supply Depot  
  115  9:13  Supply Depot  
  115  9:15  Marine  
  115  9:16  Marine x2  
  115  9:20  Marine x2  
  115  9:21  Marine  
  115  9:22  Marine x2  
  115  9:23  Marine  
Show
View Real Time Build Order
Export as new Build Order

Widdershin Zerg 

Build Orders: Pool First 

Get SALT Encoding   

  12  0:02  Drone  
  13  0:13  Overlord  
  13  0:55  Drone  
  13  0:56  Drone  
  15  0:59  Drone  
  16  1:07  Spawning Pool  
  16  1:08  Drone  
  16  1:09  Extractor  
  15  1:19  Hatchery  
  15  1:20  Drone  
  15  1:29  Drone  
  17  1:47  Drone  
  17  1:53  Drone  
  18  1:54  Queen  
  20  2:01  Zergling x2  
  21  2:11  Drone  
  22  2:32  Queen, Roach Warren  
  22  2:34  Overlord  
  23  2:52  Drone x2  
  27  3:12  Roach  
  27  3:13  Roach x2  
  27  3:14  Roach  
  27  3:16  Overlord  
  27  3:17  Drone x2  
  35  3:47  Ravager x2  
  37  3:52  Drone  
  37  3:53  Drone x6  
  37  3:54  Overlord  
  44  4:03  Spine Crawler  
  44  4:04  Extractor  
  44  4:07  Spine Crawler  
  44  4:09  Spore Crawler  
  34  5:02  Drone x5  
  34  5:03  Drone x7  
  46  5:40  Hatchery  
  45  5:45  Evolution Chamber  
  44  5:50  Evolution Chamber  
  44  5:51  Zergling x2, Roach x2  
  44  5:52  Zergling x4  
  44  5:53  Overlord x2  
  50  6:09  Spore Crawler  
  49  6:13  Metabolic Boost, Spine Crawler  
  49  6:14  Spine Crawler  
  49  6:16  Zerg Missile Weapons Level 1  
  49  6:17  Zerg Ground Armor Level 1  
  47  6:26  Drone x5  
  47  6:27  Drone x7  
  59  6:32  Queen  
  59  6:38  Ravager x3  
  64  6:40  Roach  
  64  6:41  Roach  
  64  6:42  Overlord  
  64  6:43  Hatchery  
  67  7:08  Extractor  
  66  7:10  Spine Crawler  
  66  7:14  Spore Crawler  
  64  7:16  Drone x2  
  64  7:17  Drone x3  
  64  7:19  Drone x3  
  64  7:20  Drone x4  
  76  7:43  Lair  
  77  7:51  Roach  
  77  7:52  Overlord, Roach x2  
  77  7:53  Overlord x3  
  81  7:59  Overlord  
  81  8:05  Burrow  
  63  8:13  Baneling Nest  
  63  8:15  Roach x3  
  63  8:16  Roach x8  
  63  8:19  Spine Crawler  
  83  8:23  Spine Crawler  
  83  8:24  Spine Crawler  
  81  8:31  Zergling x10  
  86  8:36  Overlord x3  
  86  8:37  Overlord  
  55  8:57  Roach  
  55  8:58  Roach x5  
  63  9:07  Roach x4  
  65  9:27  Roach x5  
  65  9:30  Zergling x2  
Tags
 
Composition
MMM Bio
League
GoldGold
Matchup
TvZ
Opening
Pool First
Replay Pack
Nickos replay
Add a new tag
Caveats
  • Supply blocks, unpowered buildings, or Contaminate may cause inaccurate times.
  • Supply counts are checked every 10 seconds.